 Dungeon Crawl Stone Soup version 0.30-a0-12-gd8047c6341 (webtiles) character file.

Game seed: 3645200954614116648

3390 drpainis the Cruncher (level 9, 0/79 HPs)
             Began as a Minotaur Berserker on Aug 23, 2022.
             Was an Elder of Trog.
             Slain by a six-headed hydra (11 damage)
             ... on level 7 of the Dungeon.
             The game lasted 00:07:08 (5675 turns).

drpainis the Cruncher (Minotaur Berserker)          Turns: 5675, Time: 00:07:08

Health: 0/79       AC: 16    Str: 30    XL:     9   Next: 74%
Magic:  0/8        EV: 13    Int:  4    God:    Trog [****..]
Gold:   348        SH:  0    Dex: 13    Spells: 8/8 levels left

rFire   . . .      SeeInvis +    p - +8 quarterstaff "Gociacw" {speed, rPois Dex+4}
rCold   . . .      Faith    .    (shield currently unavailable)
rNeg    . . .      Spirit   +    I - +0 plate armour
rPois   +          Reflect  .    (helmet restricted)
rElec   .          Harm     .    (no cloak)
rCorr   .          Rampage  .    B - +0 pair of gloves
Will    ++...                    r - +0 pair of boots
Stlth   ..........               t - amulet of guardian spirit
HPRegen 1.23/turn                l - ring of see invisible
MPRegen 0.11/turn                o - ring "Uharph" {EV+4 Str+3}

@: strong-willed, on berserk cooldown, regenerating
A: horns 2, retaliatory headbutt
a: Renounce Religion, Berserk, Trog's Hand, Brothers in Arms


You were on level 7 of the Dungeon.
You worshipped Trog.
Trog was greatly pleased with you.
You visited 1 branch of the dungeon, and saw 7 of its levels.

You collected 348 gold pieces.

Inventory:

Hand Weapons
 a - a +0 hand axe
 p - the +8 quarterstaff "Gociacw" (weapon) {speed, rPois Dex+4}
   (You found it on level 2 of the Dungeon)

   Attacks with this weapon are significantly faster.
   Dex:       It affects your dexterity (+4).
   rPois:     It protects you from poison.
 y - the +4 mace of Hafyc {freeze, Dex+2}
   (You found it on level 4 of the Dungeon)

   It freezes those it strikes, dealing additional cold damage.
   It can also slow down cold-blooded creatures.
   Dex:       It affects your dexterity (+2).
 H - a +0 battleaxe
 L - a +1 mace of protection
Missiles
 w - 8 silver boomerangs (quivered)
Armour
 b - a +0 animal skin
 d - a +0 ring mail
 r - a +0 pair of boots (worn)
 B - a +0 pair of gloves (worn)
 I - a +0 plate armour (worn)
Jewellery
 l - a ring of see invisible (left hand)
 o - the ring "Uharph" (right hand) {EV+4 Str+3}
   (You found it on level 2 of the Dungeon)

   [ring of evasion]

   EV:        It affects your evasion (+4).
   Str:       It affects your strength (+3).
 t - an amulet of guardian spirit (around neck)
 C - a +4 ring of protection
Wands
 q - a wand of polymorph (4)
Scrolls
 h - 2 scrolls of teleportation {unknown}
 i - 6 scrolls of identify {unknown}
 j - 2 scrolls of magic mapping {unknown}
 k - a scroll of torment {unknown}
 m - 3 scrolls of enchant armour {unknown}
 x - a scroll of amnesia {unknown}
 z - 2 scrolls of brand weapon {unknown}
 A - a scroll of vulnerability {unknown}
 D - a scroll of summoning {unknown}
 J - a scroll of immolation {unknown}
 K - a scroll of blinking {unknown}
Potions
 c - a potion of attraction {unknown}
 e - 2 potions of brilliance {unknown}
 f - 2 potions of cancellation {unknown}
 g - a potion of heal wounds {unknown}
 n - a potion of haste {unknown}
 s - 2 potions of lignification {unknown}
 u - 4 potions of mutation {unknown}
 v - a potion of curing {unknown}
 E - a potion of flight {unknown}
 F - a potion of might {unknown}
 G - a potion of resistance


   Skills:
 + Level 7.6 Fighting
 + Level 6.3 Axes
 + Level 11.0 Staves
 + Level 7.9 Armour
 + Level 4.6 Dodging
 + Level 1.1 Stealth


You had 8 spell levels left.
You didn't know any spells.
Your spell library was empty.

Dungeon Overview and Level Annotations

Branches:
Dungeon (7/15)             Temple (0/1) D:6

Altars:
Fedhas
Qazlal
Vehumet
The Shining One

Shops:
D:6 [


Innate Abilities, Weirdness & Mutations

You have a pair of horns on your head.
You reflexively headbutt those who attack you in melee.


Message History

There is an open door, spattered with blood here.
The six-headed hydra bites you but does no damage.
The six-headed hydra barely misses you. The six-headed hydra bites you. x2
The six-headed hydra barely misses you.
The six-headed hydra bites you but does no damage.
Okay, then.
Okay, then.
Okay, then.
Okay, then.
You don't know any spells.
You fail to use your ability.
The six-headed hydra bites you.
The six-headed hydra bites you but does no damage.
The six-headed hydra bites you.
The six-headed hydra barely misses you. x2
The six-headed hydra bites you but does no damage.
You don't know any spells.
Unknown command.
You don't know any spells.
Unknown command.
You don't know any spells.
Unknown command.
Your skin crawls.
You feel strong-willed.
The six-headed hydra closely misses you.
The six-headed hydra bites you!
The six-headed hydra bites you but does no damage.
The six-headed hydra bites you!
* * * LOW HITPOINT WARNING * * *
The six-headed hydra bites you but does no damage. x2
The six-headed hydra barely misses you. The six-headed hydra bites you.
* * * LOW HITPOINT WARNING * * *
The six-headed hydra bites you but does no damage.
The six-headed hydra bites you.
* * * LOW HITPOINT WARNING * * *
The six-headed hydra bites you but does no damage. x2
You don't know any spells.
Unknown command.
You feel yourself speed up.
The six-headed hydra bites you but does no damage. x2
The six-headed hydra misses you. The six-headed hydra bites you!
You die...

.#.##...[.##.#..#......
.'...........'..##.)...
.#.##.....##.#..#..##..
#..#.....#..#..#))##.#
#..##.##..##.....##.#
##..#.#..##..##..##.#
#. ##.....##..#..>.##.#
#..###D###..##.##.# .#
#...@.)†).###.##.#
#..######## #.##.# ##
..# .# #.# .# #.# #.#


You could see a six-headed hydra.

Vanquished Creatures
  An unseen horror (D:7)
  Prince Ribbit (D:6)
  Sigmund (D:3)
  Menkaure (D:5)
  An acid dragon (D:7)
  A water moccasin (D:7)
  Duvessa (D:7)
  An orc warrior (D:6)
  4 sky beasts
  An ogre (D:7)
  2 centaurs
  3 kobold brigands (D:7)
  Blork the orc (D:4)
  2 necrophages
  4 scorpions
  Dowan (D:7)
  5 jellies
  A howler monkey (D:6)
  4 hounds
  6 orc priests
  2 iguanas
  Terence (D:3)
  7 orc wizards
  Robin (D:2)
  5 adders
  A shadow imp (D:6)
  A white imp (D:7)
  An ufetubus (D:6)
  3 worms
  2 dart slugs
  29 orcs
  6 ball pythons
  3 bats
  7 endoplasms
  3 giant cockroaches (D:1)
  10 goblins
  7 hobgoblins
  A quokka (D:1)
  4 frilled lizards
  10 kobolds
  5 rats
151 creatures vanquished.

Notes
Turn   | Place    | Note
-------+----------+-------------------------------------------
     0 | D:1      | drpainis the Minotaur Berserker began the quest for the
                  | Orb.
     0 | D:1      | Reached XP level 1. HP: 19/19 MP: 0/0
   165 | D:1      | Reached XP level 2. HP: 24/27 MP: 1/1
   969 | D:2      | Reached XP level 3. HP: 23/34 MP: 2/2
  1305 | D:2      | Reached ** piety under Trog
  1306 | D:2      | Reached XP level 4. HP: 18/41 MP: 3/3
  1308 | D:2      | Found a stormy altar of Qazlal.
  1309 | D:2      | Noticed Robin
  1321 | D:2      | Killed Robin
  1811 | D:2      | Found a faded altar of an unknown god.
  1843 | D:2      | Reached skill level 5 in Axes
  1848 | D:2      | Identified the ring "Uharph" {EV+4 Str+3}
  1850 | D:2      | Identified the +8 quarterstaff "Gociacw" {speed, rPois
                  | Dex+4}
  1970 | D:3      | Noticed Sigmund
  1978 | D:3      | Killed Sigmund
  1979 | D:3      | Reached skill level 5 in Fighting
  1979 | D:3      | Reached XP level 5. HP: 48/48 MP: 4/4
  1979 | D:3      | Reached XP level 6. HP: 56/56 MP: 5/5
  1998 | D:3      | Noticed Terence
  2022 | D:3      | Killed Terence
  2565 | D:4      | Identified the +4 mace of Hafyc {freeze, Dex+2}
  2591 | D:4      | Reached skill level 1 in Staves
  3030 | D:4      | Reached skill level 2 in Staves
  3178 | D:4      | Noticed Blork the orc
  3181 | D:4      | Killed Blork the orc
  3182 | D:4      | Reached skill level 3 in Staves
  3182 | D:4      | Reached XP level 7. HP: 56/61 MP: 6/6
  3455 | D:5      | Entered Level 5 of the Dungeon
  3479 | D:5      | Reached skill level 4 in Staves
  3544 | D:5      | Reached skill level 5 in Armour
  3668 | D:5      | Reached skill level 5 in Staves
  3790 | D:5      | Reached *** piety under Trog
  3888 | D:5      | Noticed Menkaure
  4038 | D:5      | Reached XP level 8. HP: 70/70 MP: 7/7
  4106 | D:5      | Killed Menkaure
  4107 | D:5      | Reached skill level 6 in Staves
  4387 | D:6      | Found a blossoming altar of Fedhas.
  4387 | D:6      | Found a stormy altar of Qazlal.
  4387 | D:6      | Found a radiant altar of Vehumet.
  4392 | D:6      | Reached skill level 7 in Staves
  4416 | D:6      | Noticed Prince Ribbit
  4420 | D:6      | Killed Prince Ribbit
  4612 | D:6      | Reached skill level 8 in Staves
  4719 | D:6      | Reached skill level 1 in Stealth
  4790 | D:6      | Found a staircase to the Ecumenical Temple.
  4806 | D:6      | Found Iskoqocwu's Antique Armour Boutique.
  4832 | D:6      | Reached skill level 9 in Staves
  4832 | D:6      | Reached XP level 9. HP: 32/78 MP: 3/8
  5362 | D:7      | Found a glowing golden altar of the Shining One.
  5526 | D:7      | Reached **** piety under Trog
  5564 | D:7      | Noticed Duvessa
  5573 | D:7      | Noticed Dowan
  5590 | D:7      | Killed Duvessa
  5605 | D:7      | Killed Dowan
  5606 | D:7      | Reached skill level 10 in Staves
  5645 | D:7      | Noticed an unseen horror
  5653 | D:7      | Killed an unseen horror
  5654 | D:7      | Reached skill level 11 in Staves
  5662 | D:7      | Noticed a six-headed hydra
  5675 | D:7      | Slain by a six-headed hydra

Illustrated notes

Levels and vault maps discovered:
D:1:      nzn_arrival_settlement, layout_basic
D:2:      layout_basic, hellmonk_ecumenical_altar_leap_of_faith, basic_altar,
          uniq_robin
D:3:      layout_rooms, uniq_sigmund, uniq_terence
D:4:      minmay_evil_eye, layout_basic, amcnicky_mini_rare_corridor_liquid,
          uniq_blork_the_orc
D:5:      wander_river, layout_loops_ring, minmay_misc_feat_roman, uniq_menkaure
D:6:      layout_gridville, chequers_temple_overflow_statue_of_worship,
          minmay_temple_entry_stoned_glass, serial_shops,
          nicolae_shop_overgrown_old_shop, uniq_prince_ribbit1
D:7:      minmay_the_grid_octo_tiled_octocenter [minmay_the_grid_octo_checkered,
          minmay_the_grid_octo_horde, minmay_the_grid_octo_clover,
          minmay_the_grid_octo_vomiting_pacman,
          minmay_the_grid_octo_prize_ultimate_mussel_roller,
          minmay_the_grid_square_5x5_fancy_junction,
          minmay_the_grid_square_5x5_lines,
          minmay_the_grid_square_5x5_gyroscope,
          minmay_the_grid_square_5x5_shrine1], layout_basic, serial_shops,
          nicolae_lakefront_shop, grunt_decor_mini_mirrors,
          chequers_serial_rivers_room_b, hangedman_feature_mirror,
          minmay_misc_feat_plants, uniq_joseph, uniq_duvessa

Skill      XL: |  1  2  3  4  5  6  7  8  9 |
---------------+----------------------------+-----
Fighting       | 4 5 6 7 |  7.6
Axes           | 4 5 6 |  6.3
Armour         | 4 5 6 7 |  7.9
Staves         | 3 5 9 11 | 11.0
Dodging        | 3 4 |  4.6
Stealth        | 1 |  1.1

Action                   |  1- 3 |  4- 6 |  7- 9 || total
-------------------------+-------+-------+-------++-------
Melee: Hand axe          |    64 |    16 |       ||    80
       Headbutt          |    12 |    10 |    29 ||    51
       Punch             |     1 |       |       ||     1
       Quarterstaff      |       |    64 |   157 ||   221
Invok: Berserk           |       |     3 |     1 ||     4
       Trog's Hand       |       |     2 |     2 ||     4
Armor: Animal skin       |     7 |       |       ||     7
       Ring mail         |    17 |    19 |    28 ||    64
       Skin              |       |     2 |       ||     2
       Plate armour      |       |       |    36 ||    36
Dodge: Dodged            |    47 |    64 |   108 ||   219

Table legend: (Time is in decaauts)
 A = Elapsed time spent in this place.
 B = Non-inter-level travel time spent in this place.
 C = Inter-level travel time spent in this place.
 D = Time resting spent in this place.
 E = Time spent auto-exploring this place.
 F = Levels seen in this place.
 G = Mean time per level.
                   A        B        C        D        E       F      G
               +--------+--------+--------+--------+--------+-----+--------+
         Total |   5658 |   5517 |    141 |      0 |   4505 |   7 |  808.3 |
       Dungeon |   5658 |   5517 |    141 |      0 |   4505 |   7 |  808.3 |
               +--------+--------+--------+--------+--------+-----+--------+

Top non-repeatable levels by time:
     D:2: 964 daAuts
     D:1: 962 daAuts
     D:6: 956 daAuts
     D:5: 934 daAuts
     D:4: 915 daAuts
     D:3: 637 daAuts
     D:7: 288 daAuts
